 Dungeon Crawl Stone Soup version 0.31-a0-18-gea43df2a32 (webtiles) character file.

Game seed: 12517268350114499143

(classic levelgen) 364 Amnesiac the Covert (level 6, 0/32 HPs)
             Began as a Spriggan Delver on May 13, 2023.
             Was an Initiate of Gozag.
             Slain by an ogre
             ... wielding a +0 giant club
              (32 damage)
             ... on level 4 of the Dungeon.
             The game lasted 00:13:05 (3694 turns).

Amnesiac the Covert (Spriggan Delver)               Turns: 3694, Time: 00:13:05

Health: 0/32       AC:  4    Str:  8    XL:     6   Next: 39%
Magic:  7/7        EV: 19    Int: 17    God:    Gozag
Gold:   493        SH:  9    Dex: 19    Spells: 2/5 levels left

rFire   + . .        t - +0 dagger
rCold   . . .        C - +0 buckler
rNeg    . . .        E - +2 animal skin
rPois   .            (helmet restricted)
rElec   .            (no cloak)
rCorr   .            (gloves unavailable)
SInv    +            (boots unavailable)
Will    +....        w - amulet of reflection
Stlth   ++++         p - ring of protection from fire
HPRegen 0.25/turn    q - +6 ring of intelligence
MPRegen 0.10/turn

%: reflection
@: very quick
A: very small, no large weapons, unfitting armour, see invisible, speed 3
a: Renounce Religion, Potion Petition, Call Merchant, Bribe Branch


You were on level 4 of the Dungeon.
You worshipped Gozag.
Gozag was aware of your devotion.
You visited 2 branches of the dungeon, and saw 6 of its levels.

You collected 584 gold pieces.
You spent 49 gold pieces at shops.
You paid 42 gold pieces to Gozag.

Inventory:

Hand Weapons
 t - a +0 dagger (weapon)
Missiles
 o - 5 poisoned darts (quivered)
Armour
 z - a scarf of shadows
 C - a +0 buckler (worn)
 E - a +2 animal skin (worn)
Magical Staves
 y - a staff of death
Jewellery
 p - a ring of protection from fire (left hand)
 q - a +6 ring of intelligence (right hand)
 w - an amulet of reflection (around neck)
Wands
 g - a wand of digging (3)
 u - a wand of iceblast (8)
Scrolls
 c - 2 scrolls of fog {!r}
 d - a scroll of magic mapping {!r}
 e - a scroll of fear {!r}
 i - 2 scrolls of immolation {!r, unknown}
 l - 3 scrolls of teleportation {!r, unknown}
 m - 4 scrolls of identify {!r, unknown}
 s - 2 scrolls of poison {!r, unknown}
 v - a scroll of brand weapon {!r, unknown}
 A - 4 scrolls of blinking {!r, unknown}
 B - 3 scrolls of enchant weapon {!r, unknown}
 D - 3 scrolls of vulnerability {!r, unknown}
Potions
 a - a potion of cancellation {!q, unknown}
 b - a potion of mutation {!q, unknown}
 f - 2 potions of haste {!q}
 h - 3 potions of ambrosia {!q, unknown}
 j - a potion of degeneration {!q, unknown}
 k - a potion of brilliance {!q, unknown}
 n - a potion of might {!q, unknown}
 r - 4 potions of curing {!q, unknown}
 x - 3 potions of lignification {!q, unknown}


   Skills:
 - Level 3.0 Fighting
 - Level 4.0 Short Blades
 * Level 5.4 Dodging
 - Level 9.2 Stealth
 - Level 2.0 Evocations


You had 2 spell levels left.
You knew the following spells:

 Your Spells              Type           Power      Damage    Failure   Level
w - Tukima's Dance        Hex            0%         N/A       75%         3

Your spell library contained the following spells:

 Spells                   Type           Power      Damage    Failure   Level
 Apportation              Tloc           0%         N/A       36%         1
 Freeze                   Ice            0%         1d3       36%         1
 Necrotise                Necr           0%         1d4       36%         1
 Summon Small Mammal      Summ           0%         N/A       36%         1
 Poisonous Vapours        Pois/Air       0%         N/A       50%         2
 Frozen Ramparts          Ice            0%         1d1       75%         3
 Hailstorm                Conj/Ice       0%         3d3       75%         3
 Ignite Poison            Fire/Tmut/Pois 0%         N/A       75%         3
 Mephitic Cloud           Conj/Pois/Air  0%         N/A       75%         3
 Portal Projectile        Hex/Tloc       0%         N/A       75%         3
 Sticky Flame             Conj/Fire      0%         2d3       98%         4
 Alistair's Intoxication  Tmut/Pois      0%         N/A       100%        5
 Blade Hands              Tmut           0%         N/A       100%        5
 Freezing Cloud           Conj/Ice/Air   0%         6-21      100%        5
 Ignition                 Fire           0%         3d3       100%        8


Dungeon Overview and Level Annotations

Branches:
Dungeon (5/15)             Temple (1/1) D:4

Altars:
Ashenzari
Cheibriados
Dithmenos
Gozag
Hepliaklqana
Kikubaaqudgha
Nemelex Xobeh
Okawaru
Qazlal
Ru
Sif Muna
Uskayaw
Wu Jian
The Shining One

Shops:
D:2 [

Annotations:
D:4 exclusion: downstairs
Temple 2 transporters


Innate Abilities, Weirdness & Mutations

You are very small and have problems with some larger weapons.
You are too small for most types of armour.
You have supernaturally acute eyesight. (SInv)
You cover ground extremely quickly. (Speed+++)


Message History

You climb downwards.
Found a scroll labelled UKOBEY MAADWO and 5 poisoned darts.
There is a stone staircase leading up here.
v - a scroll labelled UKOBEY MAADWO {!r} A dart slug is nearby!
A dart slug is nearby!
You see here 5 poisoned darts.
o - 7 poisoned darts (gained 5)
You hit the dart slug but do no damage. The dart slug launches a dart at you.
The slug dart misses you.
You hit the dart slug.
The dart slug is lightly wounded.
The dart slug launches a dart at you. The slug dart misses you.
You hit the dart slug.
The dart slug is moderately wounded.
You hit the dart slug but do no damage.
The dart slug is moderately wounded.
The dart slug misses you.
You hit the dart slug but do no damage.
The dart slug is moderately wounded.
You hit the dart slug but do no damage.
The dart slug is moderately wounded.
The dart slug bites you.
You hit the dart slug.
The dart slug is heavily wounded.
You block the dart slug's attack.
You hit the dart slug.
The dart slug is almost dead.
You hit the dart slug.
You kill the dart slug!
The orc hits you but does no damage.
You hit the orc.
The orc is heavily wounded.
The orc closely misses you.
The water moccasin hisses angrily.
You hit the orc.
You kill the orc!
There is a stone staircase leading up here.
Throw: 7 darts (poison)
Press: ? - help, Q - select action, (/) - cycle Shift-Dir - straight line, f - ogre
Aim: an ogre, wielding a +0 giant club (76% to hit)
You throw a poisoned dart. The poisoned dart hits the ogre.
The ogre is poisoned.
Throw: 6 darts (poison)
Press: ? - help, Q - select action, (/) - cycle Shift-Dir - straight line, f/p - ogre
Aim: an ogre, wielding a +0 giant club (poisoned, 76% to hit)
You throw a poisoned dart. The poisoned dart hits the ogre.
The ogre looks even sicker.
You block the ogre's attack.
You climb upwards.
Level annotation: exclusion: downstairs
There is a stone staircase leading down here.
You hit the ogre but do no damage. You hit the ogre.
The ogre is lightly wounded.
The ogre barely misses you.
You hit the ogre but do no damage.
The ogre is lightly wounded.
The ogre hits you with a +0 giant club!!
Ouch! That really hurt!
You die...
Your body crumbles into a pile of gold.

....#..<.....##.#
....#...)....##'####
...................#
...................#
........####.......#
........# #.......#
........# #.......#
........# ###...###
(.......# ##.@O###
######### #..>..# ######
#.#.#.# #....#
#.#.#.###.#.####
######.#.#.....#....#
#...g..#.......).##.####
#.########.###.#.#.....#
#.# #.....#.#..#.##
##.##############.#..#.#


You could see an ogre (poisoned).

Vanquished Creatures
  An ice beast (D:4)
  An ogre (D:4)
  A scorpion (D:4)
  Robin (D:2)
  3 adders
  A worm (D:4)
  4 dart slugs
  An orc (D:5)
  8 endoplasms
  4 giant cockroaches
  7 goblins
  8 hobgoblins
  6 jackals (D:3)
  5 quokkas
  7 ball pythons
  3 bats
  2 frilled lizards (D:2)
  10 kobolds
  5 rats
78 creatures vanquished.

Notes
Turn   | Place    | Note
-------+----------+-------------------------------------------
     0 | D:5      | Amnesiac the Spriggan Delver began the quest for the Orb.
     0 | D:5      | Reached XP level 1. HP: 11/11 MP: 2/2
    25 | D:4      | Found a staircase to the Ecumenical Temple.
    39 | Temple   | Entered the Ecumenical Temple
    39 | Temple   | Found a transporter.
    39 | Temple   | Found a transporter.
    45 | Temple   | Found a transporter.
    45 | Temple   | Found a transporter.
   128 | D:5      | Noticed an ogre
   128 | D:5      | Noticed a water moccasin
   128 | D:5      | Noticed a black bear
   147 | D:4      | Noticed a scorpion
   368 | D:3      | Reached XP level 2. HP: 16/16 MP: 3/3
   449 | D:3      | Reached skill level 8 in Stealth
   583 | D:4      | Found an iron altar of Okawaru.
   747 | D:3      | Noticed a black bear
   880 | Temple   | Became a worshipper of Gozag Ym Sagoz the Greedy
   979 | D:4      | Noticed an ice beast
  1033 | D:4      | Reached XP level 3. HP: 19/19 MP: 4/4
  1494 | D:1      | Reached XP level 4. HP: 13/23 MP: 5/5
  1569 | D:1      | Reached skill level 1 in Evocations
  1952 | D:1      | Learned a level 3 spell: Tukima's Dance
  2071 | D:2      | Reached skill level 9 in Stealth
  2319 | D:2      | Found Soasettesh's Armour Shoppe.
  2325 | D:2      | Bought a +0 buckler for 49 gold pieces
  2491 | D:2      | Found an opulent altar of Gozag.
  2497 | D:2      | Noticed Robin
  2579 | D:2      | Killed Robin
  3284 | D:4      | Killed a scorpion
  3285 | D:4      | Reached XP level 5. HP: 28/28 MP: 6/6
  3359 | D:4      | Killed an ice beast
  3360 | D:4      | Reached XP level 6. HP: 32/32 MP: 7/7
  3568 | D:4      | Reached skill level 5 in Dodging
  3694 | D:4      | Slain by an ogre

Illustrated notes

Levels and vault maps discovered:
D:1:      shiori_shiawase, layout_rooms
D:2:      layout_basic, serial_forest, infiniplex_forest_straight_1,
          infiniplex_forest_clump_curved, infiniplex_forest_fountain,
          infiniplex_forest_clump_curved, infiniplex_forest_clump_curved,
          infiniplex_forest_straight_1, infiniplex_forest_fountain,
          infiniplex_forest_clump_small, infiniplex_forest_end_3, serial_shops,
          shop, basic_altar, uniq_robin
D:3:      layout_loops_corners
D:4:      layout_basic, okawaru_trees_1, minmay_temple_entry_slanted
D:5:      cheibrodos_iron_armory, layout_rooms
Temple:   hellmonk_temple_divided_pantheon

Skill      XL: |  1  2  3  4  5  6 |
---------------+-------------------+-----
Stealth        | 8 9 |  9.2
Short Blades   | 3 4 |  4.0
Evocations     | 1 2 |  2.0
Fighting       | 3 |  3.0
Dodging        | 4 5 |  5.4

Action                     |  1- 3 |  4- 6 || total
---------------------------+-------+-------++-------
  Melee: Short sword       |    39 |       ||    39
         Punch             |     2 |       ||     2
         Dagger            |   105 |   206 ||   311
  Throw: Dart              |     6 |    16 ||    22
  Evoke: Wand              |       |    11 ||    11
   Stab: Sleeping          |    11 |    11 ||    22
         Distracted        |     1 |     1 ||     2
 Armour: Robe              |    10 |     8 ||    18
         Animal skin       |       |     3 ||     3
  Dodge: Dodged            |   102 |    92 ||   194
  Block: Other             |     3 |    13 ||    16
         Buckler           |       |    33 ||    33
         Reflection        |       |     1 ||     1

Table legend: (Time is in decaauts)
 A = Elapsed time spent in this place.
 B = Non-inter-level travel time spent in this place.
 C = Inter-level travel time spent in this place.
 D = Time resting spent in this place.
 E = Time spent auto-exploring this place.
 F = Levels seen in this place.
 G = Mean time per level.
                   A        B        C        D        E       F      G
               +--------+--------+--------+--------+--------+-----+--------+
         Total |   2459 |   2336 |    123 |     73 |   1235 |   6 |  409.8 |
       Dungeon |   2378 |   2263 |    115 |     42 |   1235 |   5 |  475.6 |
        Temple |     81 |     73 |      8 |     31 |      0 |   1 |   81.0 |
               +--------+--------+--------+--------+--------+-----+--------+

Top non-repeatable levels by time:
     D:2: 783 daAuts
     D:3: 603 daAuts
     D:4: 550 daAuts
     D:1: 406 daAuts
  Temple: 81 daAuts
     D:5: 34 daAuts
